 Dungeon Crawl Stone Soup version 0.17-a0-146-gd505748 (webtiles) character file.

68 BluebellGnoll the Sneak (level 4, -3/23 HPs)
             Began as a Spriggan Berserker on Mar 25, 2015.
             Was a Believer of Trog.
             Slain by a worm (5 damage)
             ... on level 2 of the Dungeon.
             The game lasted 00:05:29 (1787 turns).

BluebellGnoll the Sneak (Spriggan Berserker)        Turns: 1787, Time: 00:05:29

Health: -3/23      AC:  2    Str: 10 (14) XL:     4   Next: 1%
Magic:  8/8        EV: 19    Int:  8      God:    Trog [**....]
Gold:   62         SH:  0    Dex: 15      Spells: 0 memorised, 3 levels left

rFire  . . .     SeeInvis +     a - +0 short sword
rCold  . . .     Clarity  .     b - +0 animal skin
rNeg   . . .     SustAb   .     (shield restricted)
rPois  .         Gourm    .     (helmet restricted)
rElec  .         Spirit   .     (no cloak)
rCorr  .         Warding  .     (gloves unavailable)
rMut   .         Stasis   .     (boots unavailable)
MR     .....                    (no amulet)
Stlth  +++.......               (no ring)
                                (no ring)

@: very quick, not resistant to hostile enchantments, fairly stealthy
A: unfitting armour, see invisible, herbivore 3, speed 3, slow metabolism 2
a: Burn Spellbooks, Berserk, Trog's Hand, Renounce Religion


You were on level 2 of the Dungeon.
You worshipped Trog.
Trog was pleased with you.
You were not hungry.

You visited 1 branch of the dungeon, and saw 2 of its levels.

You collected 62 gold pieces.

Inventory:

Hand weapons
 a - a +0 short sword (weapon)
Missiles
 e - 44 stones (quivered)
 g - 17 poisoned needles
Armour
 b - a +0 animal skin (worn)
Scrolls
 d - a scroll of remove curse {unknown}
 f - 3 scrolls of magic mapping {unknown}
 h - 2 scrolls of identify {unknown}
 i - a scroll of noise {unknown}
Comestibles
 c - 4 bread rations
 j - a slice of pizza


   Skills:
 - Level 2.4 Fighting
 + Level 3.7 Short Blades
 - Level 4.4 Dodging
 - Level 5.2 Stealth


You had 3 spell levels left.
You didn't know any spells.

Dungeon Overview and Level Annotations

Branches:
Dungeon (2/15)

Altars:
Trog


Innate Abilities, Weirdness & Mutations

You are tiny and cannot use many weapons and most armour.
You have supernaturally acute eyesight.
You are a herbivore.
You cover ground extremely quickly.
You need consume almost no food.


Message History

The worm is heavily wounded.
The worm bites you.
You hit the worm.
The worm is severely wounded.
You barely miss the worm.
The worm is severely wounded.
The worm closely misses you.
You barely miss the worm.
The worm is severely wounded.
You hit the worm.
The worm is almost dead.
The worm bites you!
* * * LOW HITPOINT WARNING * * *
You are too injured to fight recklessly!
You are too injured to fight recklessly!
You are too injured to fight recklessly!
You hit the worm.
The worm is almost dead.
The worm bites you.
You die...

###...#.# #.#..##..#.# #...
......#.# #.##.......#####...
###...#.#
#####.##...........#### #.....#
#.............#....# # #...###
#.............#....# # #...#
###...........##...# #
#...#######..........###.#.# #
#....................###.#.####
#........##...@............#...
#........#####w#########...#..#
#........###...# #...#..#
###............# ##.....#
#......###.#.# #...... #......#
#.#.# #..#.## #......# #.#.#
#..#... ####### #.#.# #...###
...... #<#.# ###.###


You could see a worm.

Vanquished Creatures
  2 adders (D:2)
  A giant gecko (D:2)
  An ooze (D:1)
  A ball python (D:1)
  8 bats
  3 giant cockroaches
  4 goblins
  5 hobgoblins
  3 jackals (D:1)
  5 kobolds (D:1)
  5 giant newts (D:1)
  7 rats
45 creatures vanquished.

Notes
Turn   | Place    | Note
--------------------------------------------------------------
     0 | D:1      | BluebellGnoll, the Spriggan Berserker, began the quest for the Orb.
     0 | D:1      | Reached XP level 1. HP: 11/11 MP: 2/2
    19 | D:1      | Reached skill level 1 in Stealth
    95 | D:1      | Reached XP level 2. HP: 7/16 MP: 4/4
   467 | D:1      | Acquired Trog's second power
   819 | D:1      | Reached XP level 3. HP: 11/19 MP: 6/6
  1506 | D:2      | Reached skill level 5 in Stealth
  1691 | D:2      | Noticed a moth of wrath
  1699 | D:2      | Found a bloodstained altar of Trog.
  1707 | D:2      | Reached XP level 4. HP: 23/23 MP: 8/8
  1787 | D:2      | Slain by a worm

Action                   |  1- 3 |  4- 6 || total
-------------------------+-------+-------++-------
Melee: Short sword       |   155 |    15 ||   170
Throw: Stone             |     4 |       ||     4
  Use: Potion            |     4 |       ||     4
 Stab: Sleeping          |     6 |       ||     6
